 Dungeon Crawl Stone Soup version 0.24.1-14-gf8d2b509d9 (webtiles) character file.

Game seed: 5810983272981046422, levelgen mode: deterministic

55 Hugehornet the Sneak (level 3, 0/24 HPs)
             Began as an Octopode Enchanter on May 20, 2020.
             Succumbed to an adder's poison
             ... on level 2 of the Dungeon.
             The game lasted 00:03:38 (1540 turns).

Hugehornet the Sneak (Octopode Enchanter)           Turns: 1540, Time: 00:03:39

Health: 0/24       AC:  1    Str: 12    XL:     3   Next: 93%
Magic:  6/6        EV: 13    Int: 18    God:
Gold:   109        SH:  0    Dex: 12    Spells: 0/6 levels left

rFire    . . .     SeeInvis .   a - +1 dagger
rCold    . . .     Gourm    .   (no shield)
rNeg     . . .     Faith    .   (helmet restricted)
rPois    .         Spirit   .   (no amulet)
rElec    .         Reflect  .   (no ring)
rCorr    .         Harm     .   (no ring)
MR       .....                  (no ring)
Stlth    +++.......             (no ring)
HPRegen  0.08/turn              (no ring)
MPRegen  0.10/turn              (no ring)
                                (no ring)
                                (no ring)

@: mighty, lethally poisoned (0 -> -2)
A: almost no armour, stealthy swim, amphibious, 8 rings, constrict 8, camouflage
1, gelatinous body 1
a: no special abilities


You were on level 2 of the Dungeon.
You were not hungry.

You visited 1 branch of the dungeon, and saw 2 of its levels.

You collected 109 gold pieces.

Inventory:

Hand Weapons
 a - a +1 dagger (weapon)
Scrolls
 b - 2 scrolls of remove curse
 d - a scroll of enchant weapon
 f - a scroll of fear
 g - 2 scrolls of teleportation
Potions
 h - a potion of flight
Comestibles
 c - 5 rations


   Skills:
 + Level 1.7 Fighting
 - Level 2.0 Short Blades
 - Level 2.0 Dodging
 - Level 4.0 Stealth
 - Level 2.0 Spellcasting
 - Level 3.0 Hexes
 - Level 2.0 Ice Magic


You couldn't memorise any spells.
You knew the following spells:

 Your Spells              Type           Power        Failure   Level  Hunger
a - Ensorcelled Hibernat  Hex/Ice        ##....       10%         2    ###....
b - Corona                Hex            ##.....      5%          1    #......
c - Confuse               Hex            ##......     16%         3    ###....

Your spell library contained the following spells:

 Spells                   Type           Power        Failure   Level  Hunger
 Tukima's Dance           Hex            ##......     16%         3    ###....
 Dazzling Spray           Conj/Hex       #.....       28%         3    ###....


Dungeon Overview and Level Annotations

Branches:
Dungeon (2/15)

Altars:
Makhleb


Innate Abilities, Weirdness & Mutations

You cannot wear most types of armour.
You are very stealthy in the water. (Stealth+)
You are amphibious.
You can wear up to eight rings at the same time.
You can use your tentacles to constrict eight enemies at once.
Your skin changes colour to match your surroundings (Stealth+).
Your rubbery body absorbs attacks. (AC +1, EV +1)


Message History

You feel sick.
* * * LOW HITPOINT WARNING * * *
You feel sick.
* * * LOW HITPOINT WARNING * * *
You feel sick.
It was a potion of might.
You feel very mighty all of a sudden.
* * * LOW HITPOINT WARNING * * *
You feel sick.
There is a lethal amount of poison in your body!
Okay, then.
* * * LOW HITPOINT WARNING * * *
You feel sick.
* * * LOW HITPOINT WARNING * * *
You feel sick.
* * * LOW HITPOINT WARNING * * *
You feel sick.
* * * LOW HITPOINT WARNING * * *
You feel sick.
You die...

#############################
(.......$....................
...#..#..#..#..#..#..#..#..#.
............................
.[.#..#..#.^#..#..#..#..#..#.
......†.....@................
.############################
##...####..... #..
.####............. #.#
...>.............. #.#
######.####.#...# #.# #.#
#.##... . #.# #####.# #.#####
.. .######.######.....# #.#


There were no monsters in sight!

Vanquished Creatures
  An adder (D:2)
  A worm (D:2)
  A dart slug (D:1)
  7 bats
  3 giant cockroaches (D:1)
  5 goblins
  2 hobgoblins (D:2)
  2 kobolds (D:1)
  A quokka (D:2)
  2 ball pythons
  3 frilled lizards
  16 rats
44 creatures vanquished.

Notes
Turn   | Place    | Note
-------+----------+-------------------------------------------
     0 | D:1      | Hugehornet the Octopode Enchanter began the quest for the
                  | Orb.
     0 | D:1      | Reached XP level 1. HP: 11/11 MP: 3/3
    22 | D:1      | Reached skill level 1 in Fighting
    46 | D:1      | Reached XP level 2. HP: 17/18 MP: 5/5
    55 | D:1      | Learned a level 2 spell: Ensorcelled Hibernation
   356 | D:1      | Reached skill level 1 in Ice Magic
   407 | D:1      | Reached XP level 3. HP: 23/23 MP: 6/6
  1083 | D:2      | Learned a level 3 spell: Confuse
  1229 | D:2      | Found a burning altar of Makhleb.
  1536 | D:2      | HP: 1/24 [poisoned by an adder]
  1540 | D:2      | Succumbed to an adder's poison

Levels and vault maps discovered:
D:1:      erik_arrival_orb_chamber, layout_loops_ring, st_stairs_13,
          hangedman_decor_points
D:2:      layout_loops_ring, grunt_temple_overflow_open,
          minmay_misc_feat_encased, columned_hall_lemuel

Skill      XL: |  1  2  3 |
---------------+----------+-----
Fighting       | 1 |  1.7
Short Blades   | 2 |  2.0
Ice Magic      | 1 2 |  2.0
Dodging        | |  2.0
Stealth        | |  4.0
Spellcasting   | |  2.0
Hexes          | |  3.0

Action                   || total
-------------------------++-------
Melee: Dagger            ||    92
       Constrict         ||    19
       Tentacles         ||     6
 Cast: Ensorcelled Hiber ||     1
  Use: Scroll            ||     6
       Potion            ||     1
 Stab: Sleeping          ||    12
  Eat: Chunk             ||     2
Armor: Skin              ||     8
Dodge: Dodged            ||    53
